 Dungeon Crawl Stone Soup version 0.30-b1-2-g02819fbbbe (webtiles) character file.

Game seed: 18062860210838180710

226 sking99 the Ruffian (level 5, 0/45 HPs)
             Began as a Draconian Transmuter on June 27, 2023.
             Was a Plaything of Xom.
             Slain by an orc wizard
             ... wielding a +0 dagger
              (2 damage)
             ... on level 4 of the Dungeon on June 29, 2023.
             The game lasted 00:07:27 (3390 turns).

sking99 the Ruffian (Draconian Transmuter)          Turns: 3390, Time: 00:07:28

Health: 0/45       AC:  5    Str: 12    XL:     5   Next: 69%
Magic:  8/8        EV: 12    Int: 16    God:    Xom [..*...]
Gold:   177        SH:  0    Dex: 11    Spells: 5/8 levels left

rFire   . .          .
                       - Unarmed
rCold   . . .        (no shield)
rNeg    . . .        (body armour unavailable)
rPois   .            (helmet restricted)
rElec   .            (no cloak)
rCorr   +            (no gloves)
SInv    .            (no boots)
Will    .....        (no amulet)
Stlth   +            c - ring of resist corrosion
HPRegen 0.27/turn    (no ring)
MPRegen 0.11/turn

%: no passive effects
@: no status effects
A: AC +5, unfitting armour, cold-blooded
a: Renounce Religion


You were on level 4 of the Dungeon.
You worshipped Xom.
You were a toy of Xom.
You visited 1 branch of the dungeon, and saw 4 of its levels.

You collected 177 gold pieces.

Inventory:

Jewellery
 c - a ring of resist corrosion (left hand)
Scrolls
 f - a scroll of teleportation
Potions
 a - a potion of lignification
 b - 2 potions of flight {unknown}
 d - 3 potions of heal wounds
 i - 2 potions of attraction {unknown}


   Skills:
 + Level 3.1 Fighting
 + Level 3.1 Dodging
 * Level 5.0 Unarmed Combat
 - Level 2.0 Spellcasting
 - Level 2.0 Transmutations


You had 5 spell levels left.
You knew the following spells:

 Your Spells              Type           Power      Damage    Failure   Level
a - Beastly Appendage     Tmut           16%        N/A       9%          1
b - Wereblood             Tmut           8%         N/A       14%         2

Your spell library contained the following spells:

 Spells                   Type           Power      Damage    Failure   Level
 Spider Form              Tmut/Pois      4%         N/A       38%         3
 Ice Form                 Ice/Tmut       4%         N/A       80%         4


Dungeon Overview and Level Annotations

Branches:
Dungeon (4/15)
 Temple: D:4-7

Altars:
Xom

Shops:
D:2 (


Innate Abilities, Weirdness & Mutations

Your plain brown scales are hard. (AC +5)
You cannot fit into any form of body armour.
You are cold-blooded and may be slowed by cold attacks.


Message History

You hit something but do no damage.
Your tail-slap misses something.
You hear some strange, mumbled words.
You are confused.
You miss something.
Your tail-slap misses something.
Something hits you but does no damage.
You completely miss something. Your punch misses something. Something hits you.
* * * LOW HITPOINT WARNING * * *
You closely miss something. You closely miss something.
Something hits you but does no damage.
You closely miss something. Something hits you but does no damage.
You bump into the rock wall.
You feel less confused. Something hits you.
* * * LOW HITPOINT WARNING * * *
Unknown command.
Unknown command.
Unknown command.
Unknown command.
Unknown command.
Unknown command.
Unknown command.
Unknown command.
Unknown command.
Unknown command.
Unknown command.
Unknown command.
Unknown command.
Unknown command.
Unknown command.
Unknown command.
Unknown command.
You hear some strange, mumbled words.
A puff of flame appears from out of thin air!
The puff of flame hits you!
* * * LOW HITPOINT WARNING * * *
Something hits you.
* * * LOW HITPOINT WARNING * * *
Something hits you.
You die... "This toy is broken."

#?.# #..# #..# #).##.#
#).##.# # #..##.# .#
#.############†)##.####.####
#.....<....)##{............##
###########.##@###...<.§.....
#.#...##..###§##.##
#.#.#.....# # #.#...###.#
#.##### #.# #.#######.#
#.........# ###########


There were no monsters in sight!

Vanquished Creatures
  An orc priest (D:3)
  An iguana (D:3)
  2 orc wizards
  2 adders (D:3)
  4 gnolls (D:2)
  2 worms
  4 orcs
  2 bats
  8 endoplasms
  4 goblins
  6 hobgoblins
  4 jackals (D:3)
  4 quokkas
  3 ball pythons (D:1)
  2 frilled lizards
  4 kobolds
  5 rats
58 creatures vanquished.

Vanquished Creatures (collateral kills)
  A kobold (D:3)
1 creature vanquished.

Vanquished Creatures (others)
  2 fungi (D:2)
  11 plants (D:2)
13 creatures vanquished.

Grand Total: 72 creatures vanquished

Notes
Turn   | Place    | Note
-------+----------+-------------------------------------------
     0 | D:1      | sking99 the Draconian Transmuter began the quest for the
                  | Orb.
     0 | D:1      | Reached XP level 1. HP: 16/16 MP: 3/3
   174 | D:1      | Reached XP level 2. HP: 13/23 MP: 1/5
   736 | D:1      | Learned a level 2 spell: Wereblood
  1057 | D:1      | Reached XP level 3. HP: 29/29 MP: 4/6
  1232 | D:2      | Found Vukil's Antique Weapon Shoppe.
  1389 | D:2      | Found a faded altar of an unknown god.
  1410 | D:2      | Reached skill level 4 in Unarmed Combat
  1429 | D:2      | Reached XP level 4. HP: 4/36 MP: 5/7
  1604 | D:2      | Prayed at the altar of an unknown god.
  1604 | D:2      | Became a worshipper of Xom of Chaos
  1639 | D:2      | Identified the +1 robe of Vexation {-Cast rPois rCorr}
  1764 | D:2      | Identified the +5 dagger "Icke" {spect, Will- Dex+3 Stlth+}
  1788 | D:2      | XOM: divination: magic mapping
  1860 | D:3      | XOM: summons 4 friendly demons
  1967 | D:3      | XOM: butterfly on damage
  1986 | D:3      | Reached XP level 5. HP: 28/42 MP: 8/8
  2611 | D:3      | XOM: scenery: create altars
  2779 | D:3      | XOM: cloud trail
  3073 | D:3      | XOM: silly message
  3259 | D:3      | XOM: silly message
  3358 | D:4      | Reached skill level 5 in Unarmed Combat
  3388 | D:4      | HP: 2/45 [something/puff of flame (9)]
  3390 | D:4      | Slain by an orc wizard

Illustrated notes

Levels and vault maps discovered:
D:1:      elethiomel_arrival_fortress_basement, layout_basic
D:2:      layout_basic, shapermc_ecumenical_altar_mp_ritualfount, serial_shops,
          nicolae_diamond_shop
D:3:      layout_rooms, serial_co_window_serial, co_window_paths_a,
          co_window_paths_a, co_window_corner_a, co_window_paths_a,
          co_window_paths_b, co_window_of_opportunity_a, co_window_corner_a,
          co_window_cross_1, co_window_corner_a, co_window_cross_4,
          co_window_2corner, co_window_broadway_c, co_window_of_opportunity_c,
          co_window_of_opportunity_b, co_window_corner_b, co_window_paths_d,
          co_window_paths_e, amcnicky_mini_pool_small, dk_noncrumbling_3,
          st_stairs_12
D:4:      layout_loops_ring, slow_altar_2, minmay_temple_entry_tees

Skill      XL: |  1  2  3  4  5 |
---------------+----------------+-----
Dodging        | 2 3 |  3.1
Fighting       | 2 3 |  3.1
Unarmed Combat | 4 5 |  5.0
Spellcasting   | |  2.0
Transmutations | |  2.0

Action                     |  1- 3 |  4- 6 || total
---------------------------+-------+-------++-------
  Melee: Unarmed           |    84 |   102 ||   186
         Kick              |    20 |    20 ||    40
         Headbutt          |     6 |     9 ||    15
         Tailslap          |    10 |     8 ||    18
   Cast: Beastly Appendage |    29 |    13 ||    42
    Use: Scroll            |       |     4 ||     4
 Armour: Skin              |    27 |    28 ||    55
  Dodge: Dodged            |    50 |    44 ||    94
